 Dungeon Crawl Stone Soup version 0.23.2-1-ga50397a6bc (webtiles) character file.

Game seed: 15212247306793431563

34 Hawk2021 the Grave Robber (level 3, 0/24 HPs)
             Began as a Demonspawn Necromancer on Apr 21, 2019.
             Slain by a worker ant (8 damage)
             ... on level 2 of the Dungeon.
             The game lasted 00:09:00 (1328 turns).

Hawk2021 the Grave Robber (Demonspawn Necromancer)  Turns: 1328, Time: 00:09:06

Health: 0/24       AC:  3    Str:  8    XL:     3   Next: 14%
Magic:  0/6        EV: 12    Int: 17    God:
Gold:   46         SH:  0    Dex: 13    Spells: 5/7 levels left

rFire    . . .     SeeInvis .   n - +0 mace
rCold    . . .     Gourm    .   (no shield)
rNeg     . . .     Faith    .   a - +0 robe
rPois    .         Spirit   .   b - +0 helmet
rElec    .         Reflect  .   (no cloak)
rCorr    .         Harm     .   (no gloves)
MR       .....                  (no boots)
Stlth    ++........             (no amulet)
HPRegen  0.08/turn              (no ring)
MPRegen  0.10/turn              (no ring)

@: lethally poisoned (0 -> -5)
A: talons 1
a: no special abilities


You were on level 2 of the Dungeon.
You were hungry.

You visited 1 branch of the dungeon, and saw 2 of its levels.

You collected 46 gold pieces.

Inventory:

Hand Weapons
 n - a +0 mace (weapon)
Missiles
 h - a throwing net (quivered)
Armour
 a - a +0 robe (worn)
 b - a +0 helmet (worn)
 l - a scarf of resistance
 m - a +0 shield
Scrolls
 g - a scroll of identify {unknown}
 i - 3 scrolls of fear {unknown}
 k - a scroll of fog {unknown}
 p - a scroll of enchant armour {unknown}
Potions
 d - 4 potions of brilliance {unknown}
 e - a potion of degeneration {unknown}
 f - a potion of ambrosia {unknown}
 j - a potion of mutation {unknown}
 o - a potion of might {unknown}
 q - a potion of flight {unknown}
Comestibles
 c - 3 rations
 r - 7 chunks of flesh


   Skills:
 + Level 2.1 Dodging
 - Level 1.7 Stealth
 * Level 2.6 Spellcasting
 * Level 4.9 Necromancy


You had 5 spell levels left.
You knew the following spells:

 Your Spells              Type           Power        Failure   Level  Hunger
a - Pain                  Necr           ###.         2%          1    #......
b - Animate Skeleton      Necr           N/A          2%          1    #......

Your spell library contained the following spells:

 Spells                   Type           Power        Failure   Level  Hunger
 Vampiric Draining        Necr           ###.......   8%          3    ###....
 Regeneration             Chrm/Necr      ##........   21%         3    ###....
 Animate Dead             Necr           N/A          24%         4    #####..


Dungeon Overview and Level Annotations

Branches:
Dungeon (2/15)

Altars:
Uskayaw


Innate Abilities, Weirdness & Mutations

You have sharp toenails.


Message History

Your hobgoblin skeleton barely misses the worm.
You hit the worm.
You kill the worm!
Casting: Pain (safe; 2% risk of failure)
Confirm with . or Enter, or press ? or * to list all spells.
Aiming: Pain (safe; 2% risk of failure)
Press: ? - help, Shift-Dir - straight line, f - worker ant
Aim: a worker ant (chance to defeat MR: 84%)
The worker ant barely resists.
The worker ant bites you.
You barely miss the worker ant. Your kick misses the worker ant.
Your hobgoblin skeleton hits the worker ant.
The worker ant closely misses you.
You hit the worker ant.
The worker ant is heavily wounded.
The worker ant bites you.
You are poisoned.
The worker ant poisons you!
Your hobgoblin skeleton hits the worker ant but does no damage.
The worker ant bites you!
You die...

#..####.## ##...## # #..#
#.# ##.....##.##
#..####.# #...........
.....<..###......##..#
#.............(.## .#
#......####.##.#### .###.
#.................#......
#...............Z......>.
#.....)#######..@a#.##...
#......# #.#### #
######## #.# ###


You could see a worker ant and a friendly hobgoblin skeleton.

Vanquished Creatures
  An adder (D:2)
  A worm (D:2)
  A dart slug (D:1)
  A giant cockroach (D:2)
  A goblin (D:1)
  6 hobgoblins
  2 bats
  2 frilled lizards (D:1)
15 creatures vanquished.

Vanquished Creatures (collateral kills)
  A dart slug (D:2)
  A goblin (D:1)
  A hobgoblin (D:1)
3 creatures vanquished.

Grand Total: 18 creatures vanquished

Notes
Turn   | Place    | Note
-------+----------+-------------------------------------------
     0 | D:1      | Hawk2021 the Demonspawn Necromancer began the quest for the
                  | Orb.
     0 | D:1      | Reached XP level 1. HP: 13/13 MP: 3/3
     0 | D:1      | Noticed a naga
     0 | D:1      | Noticed a vampire
     2 | D:1      | Noticed a felid
     5 | D:1      | Noticed a troll
     6 | D:1      | Noticed a felid
     7 | D:1      | Noticed a dwarf
     8 | D:1      | Noticed a troll
    10 | D:1      | Noticed a minotaur
    12 | D:1      | Noticed a vine stalker
    14 | D:1      | Noticed a minotaur
    16 | D:1      | Noticed a human
    16 | D:1      | Noticed a human
    18 | D:1      | Noticed a dwarf
    18 | D:1      | Noticed a dwarf
   426 | D:1      | Learned a level 1 spell: Animate Skeleton
   517 | D:1      | Gained mutation: You have sharp toenails. [demonic
                  | ancestry]
   517 | D:1      | Reached XP level 2. HP: 14/19 MP: 0/5
  1158 | D:2      | Found a hide-covered altar of Uskayaw.
  1162 | D:2      | Noticed a +0 hand axe
  1163 | D:2      | Noticed a +0 hand axe
  1199 | D:2      | Reached XP level 3. HP: 19/24 MP: 0/6
  1328 | D:2      | Slain by a worker ant

Skill      XL: |  1  2 |
---------------+-------+-----
Dodging        | 2 |  2.1
Stealth        | |  1.7
Spellcasting   | |  2.6
Necromancy     | |  4.9

Action                   || total
-------------------------++-------
Melee: Club              ||     8
       Kick              ||     1
       Mace              ||     4
 Cast: Pain              ||    33
       Animate Skeleton  ||     7
  Eat: Chunk             ||     1
Armor: Robe              ||     2
Dodge: Dodged            ||     6
